[Event "58th Akiba Rubinstein B 2022"]
[Site "Polanica-Zdroj"]
[Date "2022.08.16"]
[Round "4.14"]
[White "Szydelko, Michal"]
[Black "Terkiewicz, Bruno"]
[Result "0-1"]
[ECO "B24"]
[WhiteElo "1833"]
[BlackElo "1473"]
[Annotator "NA RC"]
[PlyCount "82"]
[EventDate "2022.08.13"]
[EventCountry "POL"]
[SourceTitle "playchess.com"]
[Source "ChessBase"]
[SourceQuality "1"]
[TimeControl "40/5400+30:1800+30"]

1. e4 c5 2. Nc3 Nc6 3. g3 g6 4. Bg2 Bg7 5. Nf3 d6 6. O-O Nf6 7. d3 O-O 8. h3 a6 9. Be3 Bd7 10. Re1 Qa5 11. Rb1 b5 12. a3 Rac8 13. Nd5 e6 14. Nxf6+ Bxf6 15. c3 Rfd8 16. d4 cxd4 17. Nxd4 Ne5 18. Nb3 Qc7 19. Bd4 Bg7 20. Nd2 Nd3 21. Bxg7 Kxg7 22. Re3 Nc5 23. Nf3 Bc6 24. Nd4 Ba8 25. Qg4 e5 26. Nf5+ Kf8 27. Nh6 d5 28. exd5 Bxd5 29. Qh4 Bxg2 30. Kxg2 Qc6+ 31. Kg1 e4 32. Ng4 f5 33. Qh6+ Kg8 34. Ne5 Qf6 35. f4 Nd3 36. Nxd3 Rxd3 37. Rxd3 exd3 38. Rd1 Qb6+ 39. Kg2 Qe3 40. Rf1 d2 41. g4 Qe2+ 0-1

[Event "58th Akiba Rubinstein B 2022"]
[Site "Polanica-Zdroj"]
[Date "2022.08.17"]
[Round "5.1"]
[White "Zerebiec, Maurycy"]
[Black "Jaworski, Tymon"]
[Result "1-0"]
[ECO "C20"]
[WhiteElo "1915"]
[BlackElo "1701"]
[Annotator "TA"]
[PlyCount "121"]
[EventDate "2022.08.13"]
[EventCountry "POL"]
[SourceTitle "playchess.com"]
[Source "ChessBase"]
[SourceQuality "1"]
[TimeControl "40/5400+30:1800+30"]

1. e4 e5 2. c4 d6 3. Nc3 g6 4. g3 Bg7 5. Bg2 c5 6. Nge2 Ne7 7. d3 Nbc6 8. Be3 {[%emt 0:00:21] A36: Symmetrical English vs ...g6: 4 Bg2 Bg7.} O-O 9. Qd2 Be6 10. O-O {[%emt 0:02:26] The position is equal.} Qd7 11. f4 f6 12. Rf2 a6 13. Raf1 (13. Nd5 $5 ) 13... Nd4 {[%emt 0:01:20] [#]} 14. h4 $146 ({Predecessor:} 14. fxe5 fxe5 15. Nd5 Nxd5 16. exd5 Nxe2+ 17. Qxe2 Bf5 {½-½ (17) Gdovin,J (2227)-Kohout,P (2195) Czech Republic 2003}) 14... Bg4 15. Kh2 b5 (15... Rae8 {keeps more tension.} 16. fxe5 dxe5 17. Bh6 Nxe2 18. Nxe2 Bxh6 19. Qxh6 Bxe2 20. Rxe2 Nc6) 16. Ng1 Rab8 (16... Rae8 {feels hotter.} 17. fxe5 dxe5 18. Bh6 bxc4 19. dxc4 f5) 17. fxe5 fxe5 (17... dxe5 {is more complex.} 18. Nd5 f5 19. Bxd4 exd4 20. exf5 gxf5 21. Nxe7+ Qxe7 22. Ne2 Kh8) 18. Rxf8+ (18. Nh3 {with more complications.} Rxf2 19. Rxf2 bxc4 20. dxc4 Rf8 21. Rxf8+ Kxf8 22. Nf2) 18... Rxf8 (18... Bxf8 {looks sharper.} 19. b3 bxc4 20. bxc4 Bg7) 19. Rxf8+ Bxf8 20. Bxd4 cxd4 21. Nd5 {[%emt 0:00:13] [#] Strongly threatening Nf6+.} Nxd5 (21... Kg7 {keeps more tension.} 22. Qf2 Nxd5 23. cxd5 Be7) 22. cxd5 Be7 23. Bf3 Kg7 24. Kg2 Qc8 25. Bxg4 Qxg4 $11 {[%emt 0:00:23][%mdl 4096] Endgame KQB-KQN} 26. Nf3 Qc8 {[%emt 0:00:28] Inhibits Qc1.} 27. Kf2 h6 28. Kg2 Bd8 29. Nh2 Be7 30. Qd1 a5 31. Ng4 a4 32. Nf2 Qc5 33. a3 Bd8 34. Qd2 Qc8 {[%emt 0:03:11] Against Ng4} 35. Kf3 Qd7 36. Kg2 Qc8 37. Kf1 g5 38. h5 g4 $1 39. Qd1 Bg5 {[%emt 0:00:22] And now ...Qc1 would win.} 40. Kg2 (40. Qxg4 $2 Qxg4 41. Nxg4 Bc1 $19) 40... Qc1 $2 {[%emt 0:00:00][%mdl 8192] Black is now going downhill.} (40... Bc1 $11 41. Qe2 (41. Qxg4+ $2 Qxg4 42. Nxg4 Bxb2 $19) (41. Nxg4 Bxb2 42. Nxh6 Kxh6 $11) 41... Bg5) 41. Qe2 $2 ({White must play} 41. Qxg4 $18 {Qd7+ is the strong threat.} Qc7 42. Qe6) 41... Qd2 $2 (41... Be3 $11) 42. Qxg4 $18 Qxb2 43. Qd7+ Kg8 44. Qe6+ ({Less strong is} 44. Qxd6 Be3 45. Qg6+ Kf8 $16) 44... Kh7 45. Qg6+ Kh8 46. Qxd6 b4 47. Qxe5+ Kg8 48. d6 bxa3 49. d7 {[%emt 0:02:20][%cal Oe5g5] Intending Qxg5+! and mate.} a2 {[%emt 0:01:52] [#]} 50. Qxg5+ $3 hxg5 51. d8=Q+ Kf7 52. Qd7+ Kf8 53. h6 a1=Q 54. Qg7+ Ke8 55. h7 {[%emt 0:00:15][%cal Rh7h8] White mates.} Qxf2+ 56. Kxf2 {[%emt 0:00:02][%cal Rh7h8] KQ-KQ} Qb2+ 57. Kf3 g4+ 58. Qxg4 Qh2 59. h8=Q+ Qxh8 60. Qc8+ Kf7 61. Qxh8 {[%emt 0:00:10] Weighted Error Value: White=0.13 (very precise) /Black=0.40} 1-0

[Event "58th Akiba Rubinstein B 2022"]
[Site "Polanica-Zdroj"]
[Date "2022.08.17"]
[Round "5.1"]
[White "Krzyzosiak, Anna"]
[Black "Grzadka, Artur"]
[Result "*"]
[WhiteElo "1496"]
[BlackElo "1720"]
[Annotator "NA RC"]
[PlyCount "47"]
[EventDate "2022.08.13"]
[EventCountry "POL"]
[SourceTitle "playchess.com"]
[Source "ChessBase"]
[SourceQuality "1"]
[TimeControl "40/5400+30:1800+30"]

1. e4 e5 2. c4 d6 3. Nc3 g6 4. g3 Bg7 5. Bg2 c5 6. Nge2 Ne7 7. d3 Nbc6 8. Be3 O-O 9. Qd2 Be6 10. O-O Qd7 11. f4 f6 12. Rf2 a6 13. Raf1 Nd4 14. h4 Bg4 15. Kh2 b5 16. Ng1 Rab8 17. fxe5 fxe5 18. Rxf8+ Rxf8 19. Rxf8+ Bxf8 20. Bxd4 cxd4 21. Nd5 Nxd5 22. cxd5 Be7 23. Bf3 Kg7 24. Kg2 *

[Event "58th Akiba Rubinstein B 2022"]
[Site "Polanica-Zdroj"]
[Date "2022.08.17"]
[Round "5.2"]
[White "Halhoul, Adam"]
[Black "Chmiel, Marcin"]
[Result "0-1"]
[ECO "D44"]
[WhiteElo "1672"]
[BlackElo "2192"]
[Annotator "TA"]
[PlyCount "60"]
[EventDate "2022.08.13"]
[EventCountry "POL"]
[SourceTitle "playchess.com"]
[Source "ChessBase"]
[SourceQuality "1"]
[TimeControl "40/5400+30:1800+30"]

1. d4 d5 2. c4 c6 3. Nf3 Nf6 4. Nc3 e6 5. Bg5 dxc4 6. a4 Bb4 7. e3 b5 8. axb5 cxb5 9. Nd2 {[%emt 0:00:03][%cal Of1c4] D44: Semi-Slav: Botvinnik System.} Qb6 $1 10. Bxf6 gxf6 11. Qf3 {[%emt 0:02:29][%csl LRa8,LRf6] Black is slightly better.} Bb7 (11... Bxc3 12. bxc3 (12. Qxa8 Bxb2 13. Qxa7 Qc6 $14) 12... Bb7 13. Qxf6 $14) 12. Qxf6 Rg8 13. Qh4 {[%emt 0:07:12] [#]} Nd7 $1 14. Qxh7 {[%emt 0:14:07] [#]} O-O-O $146 ({Predecessor:} 14... Nf6 15. Qc2 Ke7 16. b3 e5 17. dxe5 Ng4 18. bxc4 Nxe3 19. Qb3 bxc4 20. Nxc4 Nxc4 21. Bxc4 Rac8 22. Ra4 a5 23. Rxb4 Qxb4 24. Bxf7 Qxb3 25. Bxb3 Rxc3 {0-1 (25) Kudela,P (1492)-Szabo,V (2465) LSS email 2014}) 15. Qc2 f5 {[%emt 0:09:14][%mdl 1024] Black has strong compensation.} ({Much less strong is} 15... Bxg2 16. Bxg2 Rxg2 17. Qe4 $14) 16. Rg1 Nf6 (16... Kb8 $17 17. g3 e5) 17. Na2 $2 (17. g3 $15) 17... Qa5 (17... Bxd2+ $19 {is more deadly.} 18. Qxd2 e5) 18. Qc1 $17 Bd6 {[%emt 0:08:21] This bishop pair is nice.} ({Better is} 18... Bxd2+ $17 19. Qxd2 Qxd2+ 20. Kxd2 e5) 19. Nc3 $14 Qb6 {[%emt 0:01:49] aiming for ...Kb8.} 20. g3 $2 {[%emt 0:07:21] [#]} (20. b3 $11 e5 21. Nxb5 exd4 22. Qxc4+ (22. Bxc4 $2 dxe3 23. Nxd6+ Kb8 $19) 22... Kb8 23. Qxd4 (23. Nxd4 $2 Bb4 $19) (23. Rxa7 $2 dxe3 24. Kd1 exd2 $19) 23... Qxd4 24. Nxd4) 20... Kb8 $1 $17 21. b3 $2 (21. Bg2 $17 {is more resistant.}) 21... e5 $19 22. d5 cxb3 {[%emt 0:03:39] And now ...Bb4 would win.} 23. Nxb5 $2 (23. Rb1 Nxd5 24. Rxb3) 23... Bb4 {[%emt 0:03:40] Active counter play!} 24. d6 Rxd6 25. Nxd6 Qxd6 26. Qb2 Rd8 27. Bh3 Qxd2+ {[%emt 0:01:09] Black mates.} 28. Qxd2 Rxd2 29. Kf1 b2 30. Ra2 b1=R# {Weighted Error Value: White=1.07/Black=0.34} 0-1

[Event "58th Akiba Rubinstein B 2022"]
[Site "Polanica-Zdroj"]
[Date "2022.08.17"]
[Round "5.2"]
[White "Chybalski, Piotr"]
[Black "Uliasz, Katarzyna"]
[Result "*"]
[WhiteElo "1665"]
[BlackElo "1566"]
[Annotator "NA RC"]
[PlyCount "32"]
[EventDate "2022.08.13"]
[EventCountry "POL"]
[SourceTitle "playchess.com"]
[Source "ChessBase"]
[SourceQuality "1"]
[TimeControl "40/5400+30:1800+30"]

1. d4 d5 2. c4 c6 3. Nf3 Nf6 4. Nc3 e6 5. Bg5 dxc4 6. a4 Bb4 7. e3 b5 8. axb5 cxb5 9. Nd2 Qb6 10. Bxf6 gxf6 11. Qf3 Bb7 12. Qxf6 Rg8 13. Qh4 Nd7 14. Qxh7 O-O-O 15. Qc2 f5 16. Rg1 Nf6 *

[Event "58th Akiba Rubinstein B 2022"]
[Site "Polanica-Zdroj"]
[Date "2022.08.17"]
[Round "5.3"]
[White "Rogala, Milosz"]
[Black "Lukasiewicz, Anna"]
[Result "0-1"]
[ECO "B23"]
[WhiteElo "1837"]
[BlackElo "1954"]
[Annotator "TA"]
[PlyCount "74"]
[EventDate "2022.08.13"]
[EventCountry "POL"]
[SourceTitle "playchess.com"]
[Source "ChessBase"]
[SourceQuality "1"]
[TimeControl "40/5400+30:1800+30"]

1. e4 c5 2. Nc3 Nc6 3. f4 g6 4. Nf3 Bg7 5. Bc4 d6 6. O-O e6 7. d3 Nge7 8. a3 a6 {B23: Closed Sicilian: Lines without g3.} 9. Ba2 O-O 10. Be3 Nd4 {The position is equal.} 11. Rb1 b5 {[#]} 12. Ne2 $146 ({Predecessor:} 12. Bxd4 cxd4 13. Ne2 h6 14. Kh1 Qb6 15. Ng3 Kh7 16. Nh4 f5 17. exf5 gxf5 18. Nh5 {0-1 (39) Pham,M-Albert,K (2120) Szombathely 1993}) 12... Nxf3+ 13. Rxf3 Bb7 14. Ng3 Rc8 15. Rf2 d5 16. f5 exf5 (16... gxf5 {with more complications.} 17. exf5 Nxf5 18. Nxf5 exf5 19. Rxf5 c4) 17. exf5 Nxf5 18. Nxf5 gxf5 19. Rxf5 d4 (19... c4 $1 $11) 20. Bg5 $14 Qd6 (20... Qd7 $14 21. Qg4 Kh8) 21. Qg4 ({Better is} 21. Qf1 $16) 21... Qg6 $11 22. Rbf1 c4 23. h4 {[#] And now h5 would win.} h5 $1 $36 {[%mdl 2048] White is under pressure.} 24. Qh3 {Black must now prevent dxc4.} f6 (24... Rc6 $5 ) 25. Bd2 {[%cal Oa3a4] Black should prevent a4!} Rfe8 26. R1f2 Kh8 27. Bb4 $2 {[%mdl 8192] Now White is beyond hope.} (27. R5f4 $14 {stays ahead.}) 27... Re3 $19 28. R5f3 cxd3 29. cxd3 Rc1+ 30. Kh2 Bxf3 31. Rxf3 Qg4 32. Qxg4 hxg4 33. Rf5 {[#] Hoping for Rh5+.} Re5 ({And not} 33... g3+ 34. Kh3 Rh1+ 35. Kg4 $15) (33... Bh6 $142 34. Bd2 Ra1) 34. Rf4 $2 (34. Rf2) 34... f5 {...Bf6 is the strong threat.} 35. Rxd4 (35. Bb3 $142) 35... Re8 {( -> ...Be5+). Black is clearly winning.} 36. Rd7 Be5+ 37. g3 Bf6 {Weighted Error Value: White=0.90/Black=0.29 (precise)} 0-1

[Event "58th Akiba Rubinstein B 2022"]
[Site "Polanica-Zdroj"]
[Date "2022.08.17"]
[Round "5.3"]
[White "Mencfel, Artur"]
[Black "Werner, Kacper"]
[Result "*"]
[WhiteElo "1668"]
[BlackElo "1531"]
[Annotator "NA RC"]
[PlyCount "31"]
[EventDate "2022.08.13"]
[EventCountry "POL"]
[SourceTitle "playchess.com"]
[Source "ChessBase"]
[SourceQuality "1"]
[TimeControl "40/5400+30:1800+30"]

1. e4 c5 2. Nc3 Nc6 3. f4 g6 4. Nf3 Bg7 5. Bc4 d6 6. O-O e6 7. d3 Nge7 8. a3 a6 9. Ba2 O-O 10. Be3 Nd4 11. Rb1 b5 12. Ne2 Nxf3+ 13. Rxf3 Bb7 14. Ng3 Rc8 15. Rf2 d5 16. f5 *

[Event "58th Akiba Rubinstein B 2022"]
[Site "Polanica-Zdroj"]
[Date "2022.08.17"]
[Round "5.4"]
[White "Mielczarek, Daniel"]
[Black "Sypien, Natan"]
[Result "1-0"]
[ECO "D02"]
[WhiteElo "1912"]
[BlackElo "1780"]
[Annotator "TA"]
[PlyCount "121"]
[EventDate "2022.08.13"]
[EventCountry "POL"]
[SourceTitle "playchess.com"]
[Source "ChessBase"]
[SourceQuality "1"]
[TimeControl "40/5400+30:1800+30"]

1. d4 d5 2. Nf3 Nf6 3. Bf4 c5 4. c3 Nc6 5. e3 e6 6. Bd3 Nh5 7. Bg3 Be7 8. Nbd2 O-O {[%emt 0:04:42] D02: 1 d4 d5 2 Nf3 sidelines, including 2...Nf6 3 g3 and 2...Nf6 3 Bf4.} 9. Ne5 Nf6 (9... g6 $11) 10. f4 Bd7 {[%emt 0:08:59] The position is equal.} 11. O-O {[%emt 0:02:51] [#]} Rc8 $146 ({Predecessor:} 11... a6 12. Rf3 b5 13. Bh4 g6 14. Rh3 Ne8 15. Bxe7 Qxe7 16. Ndf3 c4 17. Bc2 Kg7 {1-0 (41) Touzane,O (2268)-Farre I Benseny,M (1822) Castell de Sant Ferran 2019}) 12. Bh4 Ne8 {[#]} 13. Qh5 $1 g6 {[%emt 0:18:50] [#]} (13... f5 14. Bxe7) 14. Bxe7 $1 Qxe7 15. Qh6 Nxe5 16. fxe5 f5 17. Rf2 (17. exf6 $14 Nxf6 18. Qg5) 17... Nc7 (17... c4 $5 18. Be2 Nc7 $11) 18. h4 Bb5 (18... c4 $5 19. Be2 b5 $11) 19. Bc2 b6 20. Nf3 Qg7 21. Qf4 a5 22. g3 h5 23. Ng5 Qe7 24. Nh3 Kg7 25. Qf3 (25. a4 $5 Bc6 26. b3 $14) 25... Ba6 26. a4 Bb7 27. Nf4 Na6 28. Bd1 Rh8 29. Qe2 Nb8 30. Qb5 Rc6 {[%emt 0:00:25] aiming for ...c4.} 31. Bf3 $2 (31. Qb3 $14) 31... Ba6 $2 (31... c4 $17 {And now ...Rd8 would win.} 32. Bxd5 exd5 33. Nxd5 Qf7) 32. Qb3 $14 {[%emt 0:00:37] 0x0.001b84b62da5dp-1022s more active pieces. The black rooks are badly placed.} Bc4 (32... Rhc8 $14) 33. Qc2 ({White should try} 33. Qa3) 33... Rc7 34. Kg2 (34. b3 $16 Ba6 35. Qb2) 34... Rcc8 ({Better is} 34... Rhc8 $14) 35. Qd2 ({White has to play} 35. b3 $18 Ba6 36. Rb1) 35... Nc6 36. Bd1 Rb8 37. Be2 Bxe2 38. Qxe2 Rhe8 39. Qb5 Rec8 40. Qb3 Kf7 41. Raf1 c4 42. Qd1 (42. Qc2 $14) 42... b5 $2 {[%emt 0:02:07] [#]} (42... Qe8 $11 {and Black stays safe.}) 43. Nxh5 $1 $18 {[%emt 0:08:12][%mdl 512] Threatens to win with Nf6.} gxh5 (43... Rh8) (43... bxa4 44. Nf4) 44. Qxh5+ Kg7 {[%emt 0:00:15] [#]} (44... Kg8 {was worth a try.} 45. Qg6+ Qg7 46. Qxe6+ Qf7 47. Qxf7+ (47. Qxf5 Qxf5 48. Rxf5 bxa4 $16) 47... Kxf7 48. Rxf5+ Kg7) 45. Rxf5 $1 exf5 46. Rxf5 bxa4 47. Qg4+ Kh8 48. Rh5+ Qh7 49. Rxh7+ Kxh7 50. Qd7+ Kh8 51. Kh3 Nb4 52. g4 ({Inferior is} 52. cxb4 a3 $11) 52... Nd3 53. g5 Rg8 54. Qd6 Rb7 (54... Nf2+ $142 55. Kg2 Ng4) 55. Qf6+ Rgg7 56. g6 {[%emt 0:00:57] Threatening mate with Qf8+.} Nf2+ 57. Kg2 {[%emt 0:01:41] White wants to mate with Qf8+.} Ng4 {[%emt 0:00:01] [#]} 58. Qg5 $2 (58. Qd8+ $1 $18 Rg8 59. Qg5) 58... Rxb2+ $11 59. Kg3 {[%emt 0:01:07] Really sharp!} Rb6 $2 60. h5 a3 61. Qd8+ {Weighted Error Value: White=0.30/Black=0.48} (61. Kxg4 $142 Rb8 62. Qf6 Kg8 63. h6 Rgb7 64. e6 Rf8 65. h7+ Rxh7 66. gxh7+ Kxh7 67. Qxf8 Kg6 68. e7 a2 69. e8=Q+ Kh7 70. Qh8#) 1-0

[Event "58th Akiba Rubinstein B 2022"]
[Site "Polanica-Zdroj"]
[Date "2022.08.17"]
[Round "5.4"]
[White "Zeissel, Andrzej"]
[Black "Szydlowski, Oskar"]
[Result "*"]
[ECO "D02"]
[WhiteElo "1624"]
[BlackElo "1309"]
[Annotator "NA RC"]
[PlyCount "32"]
[EventDate "2022.08.13"]
[EventCountry "POL"]
[SourceTitle "playchess.com"]
[Source "ChessBase"]
[SourceQuality "1"]
[TimeControl "40/5400+30:1800+30"]

1. d4 d5 2. Nf3 Nf6 3. Bf4 c5 4. c3 Nc6 5. e3 e6 6. Bd3 Nh5 7. Bg3 Be7 8. Nbd2 O-O 9. Ne5 Nf6 10. f4 Bd7 11. O-O Rc8 12. Bh4 Ne8 13. Qh5 g6 14. Bxe7 Qxe7 15. Qh6 Nxe5 16. fxe5 f5 *

[Event "58th Akiba Rubinstein B 2022"]
[Site "Polanica-Zdroj"]
[Date "2022.08.17"]
[Round "5.5"]
[White "Zerebiec, Maurycy"]
[Black "Jaworski, Tymon"]
[Result "*"]
[ECO "B40"]
[WhiteElo "1915"]
[BlackElo "1701"]
[Annotator "NA RC"]
[PlyCount "32"]
[EventDate "2022.08.13"]
[EventCountry "POL"]
[SourceTitle "playchess.com"]
[Source "ChessBase"]
[SourceQuality "1"]
[TimeControl "40/5400+30:1800+30"]

1. e4 c5 2. Nf3 e6 3. d4 cxd4 4. Nxd4 Qb6 5. Nb3 Nc6 6. g3 Nf6 7. Bg2 Be7 8. O-O O-O 9. Be3 Qc7 10. Nc3 a6 11. Na4 b5 12. Nb6 Rb8 13. Nxc8 Rbxc8 14. f4 d6 15. Qe2 Rfe8 16. a4 b4 *

[Event "58th Akiba Rubinstein B 2022"]
[Site "Polanica-Zdroj"]
[Date "2022.08.17"]
[Round "5.5"]
[White "Twardowski, Hubert"]
[Black "Smukowski, Bartosz"]
[Result "1/2-1/2"]
[ECO "B40"]
[WhiteElo "1849"]
[BlackElo "1696"]
[Annotator "NA RC"]
[PlyCount "68"]
[EventDate "2022.08.13"]
[EventCountry "POL"]
[SourceTitle "playchess.com"]
[Source "ChessBase"]
[SourceQuality "1"]
[TimeControl "40/5400+30:1800+30"]

1. e4 c5 2. Nf3 e6 3. d4 cxd4 4. Nxd4 Qb6 5. Nb3 Nc6 6. g3 Nf6 7. Bg2 Be7 8. O-O O-O 9. Be3 Qc7 10. Nc3 a6 11. Na4 b5 12. Nb6 Rb8 13. Nxc8 Rbxc8 14. f4 d6 15. Qe2 Rfe8 16. a4 b4 17. a5 Nb8 18. Rf2 d5 19. e5 Nfd7 20. Rd1 Nc5 21. Nxc5 Bxc5 22. f5 exf5 23. Bxc5 Qxc5 24. Rxd5 Qa7 25. Qd3 g6 26. Kf1 Nc6 27. Re2 Re6 28. Rd7 Qc5 29. Bxc6 Qxc6 30. Rd6 Qh1+ 31. Kf2 Qxh2+ 32. Kf1 Qh1+ 33. Kf2 Qh2+ 34. Kf1 Qh1+ 1/2-1/2

[Event "58th Akiba Rubinstein B 2022"]
[Site "Polanica-Zdroj"]
[Date "2022.08.17"]
[Round "5.6"]
[White "Trusz, Julia"]
[Black "Owoc, Jakub"]
[Result "1/2-1/2"]
[ECO "D71"]
[WhiteElo "1706"]
[BlackElo "1756"]
[Annotator "NA RC"]
[PlyCount "139"]
[EventDate "2022.08.13"]
[EventCountry "POL"]
[SourceTitle "playchess.com"]
[Source "ChessBase"]
[SourceQuality "1"]
[TimeControl "40/5400+30:1800+30"]

1. d4 Nf6 2. c4 g6 3. g3 c5 4. Nf3 Bg7 5. Bg2 O-O 6. O-O cxd4 7. Nxd4 Nc6 8. Nc3 a6 9. Nxc6 dxc6 10. Qb3 Qc7 11. Rd1 e5 12. Be3 Be6 13. Bc5 Rfe8 14. Bd6 Qc8 15. Na4 Nd7 16. Qc2 Bf8 17. c5 Bxd6 18. cxd6 Rb8 19. b3 Qd8 20. b4 f5 21. Nc5 Qf6 22. Qc3 Kg7 23. Rd2 e4 24. Qxf6+ Kxf6 25. f3 exf3 26. exf3 Nxc5 27. bxc5 b6 28. f4 bxc5 29. Bxc6 Red8 30. Rc1 c4 31. d7 Rb6 32. Ba4 Ke7 33. Kf2 Rb7 34. Ke3 h6 35. h4 Rc7 36. Rdc2 Rc5 37. Bb3 Rxd7 38. Bxc4 Bxc4 39. Rxc4 Rcd5 40. Rc7 Rd3+ 41. Ke2 Rd2+ 42. Ke3 Rxa2 43. Rxd7+ Kxd7 44. Kd4 Ra3 45. Ke5 Re3+ 46. Kd4 Rxg3 47. Ra1 Rf3 48. Rxa6 Rxf4+ 49. Ke5 Re4+ 50. Kd5 g5 51. hxg5 hxg5 52. Rf6 Rf4 53. Ke5 Rf1 54. Rf7+ Ke8 55. Rxf5 Re1+ 56. Kd4 Rg1 57. Ke3 Ke7 58. Kf2 Ke6 59. Ra5 Rg4 60. Kf3 Rf4+ 61. Kg3 Kf6 62. Ra6+ Kf5 63. Ra5+ Kg6 64. Ra6+ Kh5 65. Ra8 Rf6 66. Rh8+ Rh6 67. Rg8 Rh7 68. Kh3 Rf7 69. Kg3 Kh6 70. Kg4 1/2-1/2

[Event "58th Akiba Rubinstein B 2022"]
[Site "Polanica-Zdroj"]
[Date "2022.08.17"]
[Round "5.6"]
[White "Halhoul, Adam"]
[Black "Chmiel, Marcin"]
[Result "*"]
[ECO "A50"]
[WhiteElo "1672"]
[BlackElo "2192"]
[Annotator "NA RC"]
[PlyCount "40"]
[EventDate "2022.08.13"]
[EventCountry "POL"]
[SourceTitle "playchess.com"]
[Source "ChessBase"]
[SourceQuality "1"]
[TimeControl "40/5400+30:1800+30"]

1. d4 Nf6 2. c4 g6 3. g3 c5 4. Nf3 Bg7 5. Bg2 O-O 6. O-O cxd4 7. Nxd4 Nc6 8. Nc3 a6 9. Nxc6 dxc6 10. Qb3 Qc7 11. Rd1 e5 12. Be3 Be6 13. Bc5 Rfe8 14. Bd6 Qc8 15. Na4 Nd7 16. Qc2 Bf8 17. c5 Bxd6 18. cxd6 Rb8 19. b3 Qd8 20. b4 f5 *

[Event "58th Akiba Rubinstein B 2022"]
[Site "Polanica-Zdroj"]
[Date "2022.08.17"]
[Round "5.7"]
[White "Rogala, Milosz"]
[Black "Lukasiewicz, Anna"]
[Result "*"]
[ECO "D30"]
[WhiteElo "1837"]
[BlackElo "1954"]
[Annotator "NA RC"]
[PlyCount "50"]
[EventDate "2022.08.13"]
[EventCountry "POL"]
[SourceTitle "playchess.com"]
[Source "ChessBase"]
[SourceQuality "1"]
[TimeControl "40/5400+30:1800+30"]

1. d4 d5 2. c4 e6 3. cxd5 exd5 4. Nc3 c6 5. Bf4 Bd6 6. Bxd6 Qxd6 7. e3 Bf5 8. Bd3 Bxd3 9. Qxd3 Nf6 10. Nge2 Nbd7 11. h3 Nb6 12. O-O O-O 13. Rab1 a6 14. b4 Rfe8 15. a4 Nc4 16. b5 axb5 17. axb5 Ra3 18. bxc6 bxc6 19. Rfc1 g6 20. Qd1 Kg7 21. Nf4 h5 22. Nd3 g5 23. Nb2 Nxb2 24. Rxb2 Ra6 25. Qd3 Rea8 *

[Event "58th Akiba Rubinstein B 2022"]
[Site "Polanica-Zdroj"]
[Date "2022.08.17"]
[Round "5.7"]
[White "Graff, Slawomir"]
[Black "Terkiewicz, Bruno"]
[Result "1/2-1/2"]
[ECO "D30"]
[WhiteElo "1782"]
[BlackElo "1473"]
[Annotator "NA RC"]
[PlyCount "125"]
[EventDate "2022.08.13"]
[EventCountry "POL"]
[SourceTitle "playchess.com"]
[Source "ChessBase"]
[SourceQuality "1"]
[TimeControl "40/5400+30:1800+30"]

1. d4 d5 2. c4 e6 3. cxd5 exd5 4. Nc3 c6 5. Bf4 Bd6 6. Bxd6 Qxd6 7. e3 Bf5 8. Bd3 Bxd3 9. Qxd3 Nf6 10. Nge2 Nbd7 11. h3 Nb6 12. O-O O-O 13. Rab1 a6 14. b4 Rfe8 15. a4 Nc4 16. b5 axb5 17. axb5 Ra3 18. bxc6 bxc6 19. Rfc1 g6 20. Qd1 Kg7 21. Nf4 h5 22. Nd3 g5 23. Nb2 Nxb2 24. Rxb2 Ra6 25. Qd3 Rea8 26. Qf5 Kh6 27. Rb7 R8a7 28. Rxa7 Rxa7 29. e4 dxe4 30. Nxe4 Nxe4 31. Qxe4 Ra4 32. Qxc6 Rxd4 33. Qxd6+ Rxd6 34. g3 Rd4 35. Rc6+ Kg7 36. Kg2 h4 37. gxh4 Rxh4 38. Kg3 f6 39. Ra6 Kg6 40. Ra8 Rd4 41. Rg8+ Kf5 42. Ra8 Rd3+ 43. Kg2 Ke5 44. Re8+ Kf4 45. Rf8 Rd6 46. Rf7 Re6 47. Rf8 Ke5 48. Rd8 Kf4 49. Rf8 Kf5 50. Rg8 Re4 51. Rd8 Rf4 52. Kg3 Ke4 53. Re8+ Kd3 54. Re6 Rf5 55. Kg2 Kd4 56. Kg3 Kd5 57. Re8 Rf4 58. Re7 Kd6 59. Re8 Kd7 60. Re3 Kd6 61. Re8 Kd7 62. Re3 Kd6 63. Re8 1/2-1/2

[Event "58th Akiba Rubinstein B 2022"]
[Site "Polanica-Zdroj"]
[Date "2022.08.17"]
[Round "5.8"]
[White "Mielczarek, Daniel"]
[Black "Sypien, Natan"]
[Result "*"]
[ECO "E20"]
[WhiteElo "1912"]
[BlackElo "1780"]
[Annotator "NA RC"]
[PlyCount "32"]
[EventDate "2022.08.13"]
[EventCountry "POL"]
[SourceTitle "playchess.com"]
[Source "ChessBase"]
[SourceQuality "1"]
[TimeControl "40/5400+30:1800+30"]

1. d4 Nf6 2. c4 e6 3. Nc3 Bb4 4. Qc2 O-O 5. Nf3 c5 6. dxc5 Qa5 7. Bd2 Qxc5 8. e3 d5 9. Rc1 dxc4 10. Ne4 Nxe4 11. Qxe4 Qb6 12. Qxc4 Bxd2+ 13. Nxd2 Bd7 14. Qb3 Qxb3 15. Nxb3 Bc6 16. Na5 Bd5 *

[Event "58th Akiba Rubinstein B 2022"]
[Site "Polanica-Zdroj"]
[Date "2022.08.17"]
[Round "5.8"]
[White "Ochenduszko, Bartosz"]
[Black "Kossowski, Pawel"]
[Result "0-1"]
[ECO "E32"]
[WhiteElo "1546"]
[BlackElo "1737"]
[Annotator "NA RC"]
[PlyCount "116"]
[EventDate "2022.08.13"]
[EventCountry "POL"]
[SourceTitle "playchess.com"]
[Source "ChessBase"]
[SourceQuality "1"]
[TimeControl "40/5400+30:1800+30"]

1. d4 Nf6 2. c4 e6 3. Nc3 Bb4 4. Qc2 O-O 5. Nf3 c5 6. dxc5 Qa5 7. Bd2 Qxc5 8. e3 d5 9. Rc1 dxc4 10. Ne4 Nxe4 11. Qxe4 Qb6 12. Qxc4 Bxd2+ 13. Nxd2 Bd7 14. Qb3 Qxb3 15. Nxb3 Bc6 16. Na5 Bd5 17. Bc4 Bxg2 18. Rg1 Bf3 19. Rg3 Bc6 20. Bd3 Rd8 21. Ke2 g6 22. Rg4 Rd5 23. Nxc6 Nxc6 24. Be4 Rb5 25. b3 Ra5 26. Bb1 Rd8 27. a4 Rad5 28. Rc2 Rd1 29. Rb2 f5 30. Rc4 Rh1 31. Bc2 Rxh2 32. b4 Rd7 33. a5 Ne5 34. Rc8+ Kf7 35. Ba4 Rd6 36. Rbc2 Nd3 37. Kf1 Rh1+ 38. Kg2 Ra1 39. R2c7+ Kf6 40. f4 Nxf4+ 41. exf4 Rd2+ 42. Kf3 Ra3+ 43. Rc3 Rxa4 44. Ke3 Rd7 45. R3c4 Ra3+ 46. Ke2 Rad3 47. Ra8 Rd2+ 48. Ke1 a6 49. Rf8+ Kg7 50. Rcc8 R2d4 51. Rg8+ Kh6 52. Rc3 Re4+ 53. Kf2 Rxf4+ 54. Ke2 Rxb4 55. Rh3+ Kg5 56. Rg3+ Kf4 57. Rh3 Rb2+ 58. Ke1 Kg4 0-1